 Dungeon Crawl Stone Soup version 0.29.1-13-g9f3cf754e1 (webtiles) character file.

Game seed: 13596683496040653796

25308 Soil the Grappler (level 12, -19/111 HPs)
             Began as a Troll Fighter on Feb 4, 2023.
             Was a High Priest of Hepliaklqana.
             Blown up by an orb spider (31 damage)
             ... with a wavering orb of destruction
             ... on level 1 of the Spider Nest.
             The game lasted 01:46:05 (15490 turns).

Soil the Grappler (Troll Fighter)                  Turns: 15490, Time: 01:46:09

Health: -19/111    AC: 13    Str: 31    XL:     12   Next: 88%
Magic:  11/11      EV: 19    Int:  4    God:    Hepliaklqana [*****.]
Gold:   1678       SH: 10    Dex:  9    Spells: 11/11 levels left

rFire   . . .      SeeInvis +     - Unarmed
rCold   . . .      Faith    .   b - +0 kite shield
rNeg    . . .      Spirit   .   v - +3 troll leather armour
rPois   .          Reflect  .   (helmet restricted)
rElec   .          Harm     .   q - +2 cloak
rCorr   .          Rampage  .   (gloves unavailable)
Will    .....      Clarity  +   (boots unavailable)
Stlth   +.........              y - amulet of regeneration
HPRegen 2.68/turn               h - ring "Itaulomp" {EV+4 SInv}
MPRegen 0.12/turn               r - +4 ring of evasion

@: invisible
A: reduced essence, large, unfitting armour, claws 3, regeneration 1, shaggy fur
1, tough skin 1, antennae 1, clarity
a: Renounce Religion, Recall Ancestor, Ancestor Identity, Transference, Idealise


You were on level 1 of the Spider Nest.
You worshipped Hepliaklqana.
Hepliaklqana was extremely pleased with you.
You visited 3 branches of the dungeon, and saw 16 of its levels.
You also visited: Sewer.

You collected 1867 gold pieces.
You spent 189 gold pieces at shops.

Inventory:

Missiles
 a - 9 poisoned darts (quivered)
Armour
 b - a +0 kite shield (worn)
 q - a +2 cloak (worn)
 v - a +3 troll leather armour (worn)
 w - a +2 robe
Jewellery
 h - the ring "Itaulomp" (left claw) {EV+4 SInv}
   (You found it in a sewer)

   [ring of evasion]

   EV:        It affects your evasion (+4).
   SInv:      It lets you see invisible.
 n - an amulet of reflection
 r - a +4 ring of evasion (right claw)
 y - an amulet of regeneration (around neck)
Wands
 f - a wand of digging (7)
 g - a wand of mindburst (13)
 k - a wand of iceblast (6)
 p - a wand of acid (2)
 s - a wand of flame (8)
Scrolls
 c - 2 scrolls of enchant weapon
 d - 4 scrolls of teleportation
 j - a scroll of brand weapon
 u - 2 scrolls of fear
 x - a scroll of magic mapping
 z - a scroll of butterflies {unknown}
 B - 2 scrolls of summoning {unknown}
Potions
 e - 3 potions of flight
 i - a potion of cancellation {unknown}
 o - 4 potions of brilliance
 t - a potion of magic {unknown}


   Skills:
 + Level 9.4 Fighting
 + Level 5.2 Armour
 + Level 9.3 Dodging
 + Level 10.2 Shields
 + Level 10.8 Unarmed Combat


You had 11 spell levels left.
You didn't know any spells.
Your spell library contained the following spells:

 Spells                   Type           Power      Damage    Failure   Level
 Beastly Appendage        Tmut           0%         N/A       75%         1
 Freeze                   Ice            0%         1d3       75%         1
 Shock                    Conj/Air       0%         1d3       75%         1
 Ensorcelled Hibernation  Hex/Ice        0%         N/A       87%         2
 Static Discharge         Conj/Air       0%         3-3/arc   87%         2
 Wereblood                Tmut           0%         N/A       87%         2
 Frozen Ramparts          Ice            0%         1d1       98%         3
 Ozocubu's Armour         Ice            0%         N/A       98%         3
 Spider Form              Tmut/Pois      0%         N/A       98%         3
 Swiftness                Air            0%         N/A       98%         3
 Airstrike                Air            0%         2d(0-16)  100%        4
 Anguish                  Hex/Necr       0%         N/A       100%        4
 Dispel Undead            Necr           0%         3d6       100%        4
 Hailstorm                Conj/Ice       0%         3d3       100%        4
 Leda's Liquefaction      Hex/Erth       0%         N/A       100%        4
 Sticky Flame             Conj/Fire      0%         2d3       100%        4
 Alistair's Intoxication  Tmut/Pois      0%         N/A       100%        5
 Borgnjor's Vile Clutch   Necr/Erth      0%         N/A       100%        5
 Lee's Rapid Deconstruct  Erth           0%         3d5*      100%        5
 Eringya's Noxious Bog    Tmut/Pois      0%         N/A       100%        6
 Statue Form              Tmut/Erth      0%         N/A       100%        6
 Enfeeble                 Hex            0%         N/A       100%        7
 Ozocubu's Refrigeration  Ice            0%         4d7       100%        7


Dungeon Overview and Level Annotations

Branches:
Dungeon (11/15)            Temple (0/1) D:6            Lair (4/5) D:11
 Shoals (0/4) Lair:3       Spider (1/4) Lair:3        Sewer (visited)
  Slime: Lair:4-5       Orc: D:9-12

Altars:
Cheibriados
Fedhas
Gozag
Hepliaklqana
Nemelex Xobeh
Ru
Sif Muna
Trog
Vehumet
Wu Jian
Xom
The Shining One

Shops:
D:4 ?:!

Portals:
Trove: D:11 (give 15 potions of curing)

Annotations:
D:11 2 transporters, hawkwood's ghost, journeyman DgAr


Innate Abilities, Weirdness & Mutations

Your life essence is reduced to manifest your ancestor. (-10% HP)
You are too large for most types of armour.
You have claws for hands.
Your natural rate of healing is unusually fast.
You are covered in fur. (AC +1)
You have tough skin. (AC +1)
You have a pair of small antennae on your head.
You possess an exceptional clarity of mind.


Message History

An orb of destruction comes into view.
MULE hits the orb spider with a +0 flail!
MULE blocks the orb of destruction.
The orb of destruction dissipates.
You swap places.
The orb spider begins to weave its threads into a brightly glowing ball.
The orb spider weaves a glowing orb of energy.
The wavering orb of destruction weakly hits MULE.
MULE hits the orb spider with a +0 flail!
The orb spider dies!
The orb spider weaves a glowing orb of energy.
An orb of destruction comes into view.
The orb of destruction hits you!!!
MULE closely misses the orb spider.
The orb spider pulsates with a strange energy.
MULE closely misses the orb spider.
The orb spider weaves a glowing orb of energy.
MULE hits the orb spider with a +0 flail!
An orb of destruction comes into view.
MULE hits the orb spider with a +0 flail.
The orb spider pulsates with a strange energy.
MULE hits the orb spider with a +0 flail.
You block the orb of destruction.
The orb of destruction dissipates.
MULE hits the orb spider with a +0 flail.
The orb spider weaves a glowing orb of energy.
MULE hits the orb spider with a +0 flail!
An orb of destruction comes into view.
The orb spider begins to weave its threads into a brightly glowing ball.
MULE hits the orb spider with a +0 flail.
The orb of destruction hits you!!!!
Ouch! That really hurt!
* * * LOW HITPOINT WARNING * * *
MULE barely misses the orb spider.
MULE barely misses the orb spider.
The orb spider weaves a glowing orb of energy.
MULE hits the orb spider with a +0 flail!
The orb spider dies!
An orb of destruction comes into view.
You fade into invisibility!
The wavering orb of destruction hits you!!
You die...

...### #....### *#......*
..## #......###.......#* ..#
##.###†.#.........# .## ###
##........[..# .#
##...........## .#
##.....?....(..# ##
##.†............# #
#.^R○...........# #
##...@[..........# ##########
#...............^#
........^####...............#
^.........# #..........†....#
#^..>.##### ###........######
####### ##########


You could see the friendly MULE the knight.

Vanquished Creatures
  A boulder beetle (Lair:2)
  2 two-headed ogres (D:9)
  Lodul (D:10)
  A sun moth (Spider:1)
  5 skeletal warriors (D:11)
  Pikel (D:9)
  A black mamba (Lair:2)
  The ghost of Loveship the Trooper, a novice NaFi of Elyvilon (D:5)
  A torpor snail (Spider:1)
  A gargoyle (D:11)
  A cane toad (Lair:1)
  Maggie (Lair:1)
  5 komodo dragons
  A demonic crawler (Spider:1)
  2 trolls
  A meliai (Lair:3)
  3 tarantellas (Spider:1)
  3 jumping spiders (Spider:1)
  2 culicivoras (Spider:1)
  4 wyverns
  A vampire (D:11)
  A basilisk (D:11)
  Grum (D:8)
  7 redbacks (Spider:1)
  2 vampire mosquitoes (D:11)
  2 steam dragons
  2 water moccasins
  An acid dragon (D:11)
  4 orc warriors
  2 sky beasts
  15 ogres
  2 wolves (D:8)
  4 centaurs
  2 gnoll sergeants
  9 bullfrogs
  2 necrophages (D:6)
  3 scorpions
  5 wights
  6 killer bees
  3 howler monkeys (D:11)
  2 jellies
  7 orc priests
  5 hounds
  A gnoll bouda (D:6)
  4 iguanas
  Jessica (D:2)
  2 hell rats (D:7)
  5 orc wizards
  20 gnolls
  8 adders
  6 river rats
  A shadow imp (D:5)
  3 worms
  A dart slug (D:4)
  18 orcs
  8 ball pythons
  A bat (D:1)
  4 endoplasms
  18 giant cockroaches
  5 goblins
  3 hobgoblins (D:2)
  2 jackals (D:5)
  19 quokkas
  8 frilled lizards
  4 kobolds
  17 rats
  2 butterflies
287 creatures vanquished.

Vanquished Creatures (collateral kills)
  2 orb spiders (Spider:1)
  2 black mambas (Lair:1)
  2 cane toads
  A demonic crawler (Spider:1)
  Psyche (D:9)
  2 komodo dragons
  2 trolls
  A tarantella (Spider:1)
  2 jumping spiders (Spider:1)
  A wyvern (D:9)
  A yak (Lair:1)
  A basilisk (Lair:1)
  2 redbacks (Spider:1)
  A vampire mosquito (D:11)
  An orc warrior (D:10)
  An ogre (D:7)
  A lemure (D:9)
  3 centaurs
  A kobold brigand (D:7)
  3 bullfrogs
  2 scorpions
  A wight (D:9)
  2 killer bees (D:9)
  2 howler monkeys
  A gnoll bouda (D:7)
  3 orc priests
  An iguana (D:6)
  A hell rat (D:7)
  3 gnolls (D:7)
  2 river rats (D:7)
  7 orcs
  3 giant cockroaches (D:9)
  3 kobolds (D:7)
  3 rats (D:7)
  3 butterflies (D:9)
68 creatures vanquished.

Vanquished Creatures (others)
  3 knights
  An ancestor (D:6)
  7 fungi
  23 plants
34 creatures vanquished.

Grand Total: 389 creatures vanquished

Notes
Turn   | Place    | Note
-------+----------+-------------------------------------------
     0 | D:1      | Soil the Troll Fighter began the quest for the Orb.
     0 | D:1      | Reached XP level 1. HP: 22/22 MP: 0/0
   103 | D:1      | Found a faded altar of an unknown god.
   133 | D:1      | Prayed at the altar of an unknown god.
   133 | D:1      | Became a worshipper of Ru the Awakened
   134 | D:1      | Fell from the grace of Ru
   369 | D:1      | Reached XP level 2. HP: 29/29 MP: 1/1
   858 | D:2      | Noticed Jessica
   867 | D:2      | Killed Jessica
   868 | D:2      | Reached XP level 3. HP: 35/36 MP: 2/2
  1223 | D:2      | You fall into a shaft and drop 1 floor!
  1292 | D:3      | Reached XP level 4. HP: 36/44 MP: 3/3
  1673 | D:3      | Found a glowing drain.
  1677 | Sewer    | Entered a sewer
  1745 | Sewer    | Reached XP level 5. HP: 53/53 MP: 4/4
  1987 | Sewer    | Reached XP level 6. HP: 15/61 MP: 5/5
  2143 | Sewer    | Identified the ring "Itaulomp" {EV+4 SInv}
  2325 | D:3      | Found a hazy altar of Hepliaklqana.
  2509 | D:3      | Became a worshipper of Hepliaklqana the Forgotten
  2676 | D:4      | Found Hapounui's Magic Scroll Boutique.
  2684 | D:4      | Bought a scroll of identify for 28 gold pieces
  2684 | D:4      | Bought a scroll of identify for 28 gold pieces
  2684 | D:4      | Bought a scroll of identify for 28 gold pieces
  2684 | D:4      | Bought a scroll of enchant armour for 105 gold pieces
  2688 | D:4      | Gained mutation: You occasionally lose the ability to drink
                  | potions when taking damage. [potion of mutation]
  2856 | D:4      | Found Toteng's Book Shop.
  3427 | D:4      | Reached XP level 7. HP: 63/68 MP: 6/6
  3485 | D:4      | Found Obaghu's Distillery.
  3674 | D:4      | Found a shimmering blue altar of Sif Muna.
  4094 | D:5      | Entered Level 5 of the Dungeon
  4249 | D:5      | Found a runed translucent door.
  4255 | D:5      | Noticed Loveship's ghost (novice NaFi)
  4276 | D:5      | Killed Loveship's ghost
  4277 | D:5      | Reached skill level 5 in Shields
  4277 | D:5      | Reached skill level 5 in Unarmed Combat
  4277 | D:5      | Reached XP level 8. HP: 79/79 MP: 7/7
  4280 | D:5      | Found a runed translucent door.
  4434 | D:5      | Reached * piety under Hepliaklqana
  4669 | D:5      | Reached skill level 5 in Dodging
  4850 | D:5      | Reached skill level 5 in Fighting
  5823 | D:6      | Found a staircase to the Ecumenical Temple.
  5823 | D:6      | Noticed a troll
  5832 | D:6      | Killed a troll
  5833 | D:6      | Reached XP level 9. HP: 50/79 MP: 8/8
  6659 | D:7      | Found a snail-covered altar of Cheibriados.
  6776 | D:7      | Reached ** piety under Hepliaklqana
  6777 | D:7      | Remembered your ancestor MULE as a knight
  7038 | D:7      | Found a shimmering altar of Xom.
  7237 | D:7      | Found an opulent altar of Gozag.
  7238 | D:7      | Found a sparkling altar of Nemelex Xobeh.
  7521 | D:8      | Found a bloodstained altar of Trog.
  7882 | D:8      | Reached XP level 10. HP: 84/90 MP: 9/9
  7897 | D:8      | Paralysed by a wight for 5 turns
  8020 | D:8      | Found a glowing golden altar of the Shining One.
  8319 | D:8      | Noticed Grum
  8333 | D:8      | Killed Grum
  8674 | D:9      | Noticed a two-headed ogre
  8685 | D:9      | Killed a two-headed ogre
  8812 | D:9      | Found an ornate altar of the Wu Jian Council.
  8812 | D:9      | Reached *** piety under Hepliaklqana
  8855 | D:9      | Identified a scroll of acquirement
  8855 | D:9      | Acquired 726 gold pieces
  9057 | D:9      | Noticed Pikel
  9071 | D:9      | Killed Pikel
  9221 | D:9      | Found a runed translucent door.
  9231 | D:9      | Found a runed translucent door.
  9495 | D:9      | Noticed a two-headed ogre
  9508 | D:9      | Killed a two-headed ogre
  9737 | D:9      | Noticed Psyche
  9749 | D:9      | Killed Psyche
 10092 | D:10     | Entered Level 10 of the Dungeon
 10108 | D:10     | Reached XP level 11. HP: 98/98 MP: 10/10
 10286 | D:10     | Found a radiant altar of Vehumet.
 10623 | D:10     | Noticed Lodul
 10638 | D:10     | Killed Lodul
 10639 | D:10     | Reached skill level 1 in Armour
 10846 | D:10     | Found a blossoming altar of Fedhas.
 11151 | D:11     | Found a portal to a secret trove of treasure.
 11169 | D:11     | Noticed a skeletal warrior
 11171 | D:11     | Noticed a skeletal warrior
 11171 | D:11     | Noticed a skeletal warrior
 11171 | D:11     | Noticed a skeletal warrior
 11171 | D:11     | Noticed a skeletal warrior
 11181 | D:11     | Killed a skeletal warrior
 11220 | D:11     | Killed a skeletal warrior
 11230 | D:11     | Killed a skeletal warrior
 11241 | D:11     | Killed a skeletal warrior
 11248 | D:11     | Killed a skeletal warrior
 11674 | D:11     | Found a transporter.
 11682 | D:11     | Found a transporter.
 11682 | D:11     | Noticed a tengu warrior
 11683 | D:11     | Noticed hawkwood's ghost (journeyman DgAr)
 11700 | D:11     | Found a bloodstained altar of Trog.
 11836 | D:11     | Reached **** piety under Hepliaklqana
 11976 | D:11     | Found a staircase to the Lair.
 11983 | Lair:1   | Entered Level 1 of the Lair of Beasts
 12102 | Lair:1   | Noticed Maggie
 12117 | Lair:1   | Killed Maggie
 12166 | Lair:1   | Reached XP level 12. HP: 109/109 MP: 11/11
 12810 | Lair:1   | Reached skill level 10 in Unarmed Combat
 13395 | Lair:2   | Noticed a boulder beetle
 13413 | Lair:2   | Killed a boulder beetle
 13604 | Lair:2   | You fall into a shaft and drop 2 floors!
 13604 | Lair:4   | Noticed a four-headed hydra
 13626 | Lair:3   | Found a hole to the Spider Nest.
 13699 | Lair:3   | Found a staircase to the Shoals.
 13769 | Lair:3   | Lost mutation: You occasionally lose the ability to drink
                  | potions when taking damage. [potion of mutation]
 13769 | Lair:3   | Gained mutation: You have a pair of small antennae on your
                  | head. [potion of mutation]
 13769 | Lair:3   | Gained mutation: You possess an exceptional clarity of
                  | mind. [potion of mutation]
 14005 | Lair:3   | Found an opulent altar of Gozag.
 14125 | Lair:3   | Reached ***** piety under Hepliaklqana
 14465 | Spider:1 | Entered Level 1 of the Spider Nest
 15064 | Spider:1 | Reached skill level 10 in Shields
 15391 | Spider:1 | Reached skill level 5 in Armour
 15487 | Spider:1 | HP: 4/110 [disintegration (79)]
 15490 | Spider:1 | Blown up by an orb spider

Illustrated notes

Levels and vault maps discovered:
D:1:      erik_arrival_blinker_ship, layout_basic,
          shapermc_ecumenical_altar_notcrosses
D:2:      layout_basic, serial_bayou_pond_a, minivault_19, uniq_jessica
D:3:      layout_basic, mainiacjoe_overflow_brackets, gup_sewer_entry_spiral
D:4:      layout_basic, nicolae_overflow_hidden_temple, serial_shops, shop,
          kennysheep_little_box, shop
D:5:      layout_basic, ebering_ghost_sewer_f
D:6:      layout_basic, temple_fountains, kennysheep_generic_room_8
D:7:      lemuel_ratsnest, layout_cave_pools, brannock_xom_greatest_gift,
          mainiacjoe_overflow_alcove_4, grunt_temple_overflow_opulence,
          grunt_decor_mini_mirrors, st_stairs_3
D:8:      layout_loops_corners, mainiacjoe_overflow_alcove_2,
          lemuel_round_altar, uniq_grum
D:9:      lemuel_insect_pit, layout_loops_ring, lemuel_coloured_pillars_altar,
          chequers_serial_rivers_large_b, uniq_psyche, uniq_pikel
D:10:     layout_small_grid, fedhas_altar_2, general_overflow_altar, uniq_lodul
D:11:     layout_rooms, erik_lair_dragon, enter_trove_3,
          gammafunk_ghost_wrathful_warriors
Lair:1:   layout_concentric_octagons, beast_lair_carwin_9, uniq_maggie
Lair:2:   layout_regular_city, dreamdust_wasp_nest, grunt_megastairs_3
Lair:3:   layout_long_grid, minmay_shoals_entry_centaurs,
          hellmonk_spider_entry_not_the_bees, basic_altar,
          infiniplex_staircase_pool_2, serial_bayou_shore_a, lemuel_fruit_fields
Lair:4:   layout_gridlike
Spider:1: layout_cave_pods

Skill      XL: |  1  2  3  4  5  6  7  8  9 10 11 12 |
---------------+-------------------------------------+-----
Shields        | 3 4 5 6 7 8 9 10 | 10.2
Dodging        | 3 4 5 6 7 8 9 |  9.3
Fighting       | 3 4 5 6 7 8 9 |  9.4
Unarmed Combat | 3 4 5 6 7 8 9 10 | 10.8
Armour         | 3 5 |  5.2

Action                   |  1- 3 |  4- 6 |  7- 9 | 10-12 || total
-------------------------+-------+-------+-------+-------++-------
Melee: Unarmed           |    67 |   199 |   302 |   564 ||  1132
Throw: Dart              |       |       |       |     1 ||     1
Invok: Renounce Religion |     1 |       |       |       ||     1
       Ancestor Identity |       |       |     2 |       ||     2
       Ancestor Life: Kn |       |       |     1 |       ||     1
       Recall Ancestor   |       |       |       |     2 ||     2
       Idealise          |       |       |       |     1 ||     1
Evoke: Wand              |       |       |     1 |    11 ||    12
  Use: Scroll            |     7 |     6 |     5 |    12 ||    30
       Potion            |     2 |     4 |     4 |    12 ||    22
 Stab: Distracted        |       |       |     2 |     4 ||     6
       Paralysed         |       |       |       |     8 ||     8
Armor: Robe              |    26 |    48 |    22 |       ||    96
       Troll leather arm |       |       |    26 |   109 ||   135
       Skin              |       |       |       |     3 ||     3
Dodge: Dodged            |    23 |    97 |   165 |   409 ||   694
Block: Kite shield       |    20 |    71 |   142 |   248 ||   481
